 Dungeon Crawl Stone Soup version 0.30-a0-368-g86fb4627a9 (webtiles) character file.

Game seed: 14262782038626253538

2226 ryw the Trooper (level 9, -4/71 HPs)
             Began as a Demonspawn Fighter on Nov 19, 2022.
             Slain by a troll (15 damage)
             ... on level 6 of the Dungeon.
             The game lasted 00:13:12 (6315 turns).

ryw the Trooper (Demonspawn Fighter)                Turns: 6315, Time: 00:13:13

Health: -4/71      AC:  4    Str: 20    XL:     9   Next: 14%
Magic:  16/16      EV: 20    Int: 11    God:
Gold:   390        SH:  0    Dex: 12    Spells: 12/18 levels left

rFire   + . .      SeeInvis .      - Unarmed
rCold   . . .      Faith    .    (no shield)
rNeg    . . .      Spirit   .    B - +1 leather armour {rF+}
rPois   .          Reflect  .    (helmet restricted)
rElec   .          Harm     .    (no cloak)
rCorr   .          Rampage  .    (gloves unavailable)
Will    .....                    (no boots)
Stlth   +.........               (no amulet)
HPRegen 0.31/turn                l - +4 ring of slaying
MPRegen 0.15/turn                u - +4 ring of evasion

@: agile, marked
A: antennae 2, powered by pain 1, demonic touch 3
a: no special abilities


You were on level 6 of the Dungeon.
You visited 1 branch of the dungeon, and saw 6 of its levels.
You also visited: Sewer.

You collected 390 gold pieces.

Inventory:

Missiles
 v - 2 javelins (quivered)
Armour
 a - a +0 scale mail
 B - a +1 leather armour of fire resistance (worn)
Jewellery
 l - a +4 ring of slaying (left hand)
 u - a +4 ring of evasion (right hand)
Scrolls
 b - 4 scrolls of teleportation {unknown}
 f - a scroll of vulnerability {unknown}
 i - 2 scrolls of torment {unknown}
 m - a scroll of enchant armour {unknown}
 o - a scroll of fear {unknown}
 t - 2 scrolls of butterflies {unknown}
 y - a scroll of acquirement {unknown}
 z - 2 scrolls of amnesia {unknown}
 A - 2 scrolls of blinking {unknown}
 C - a scroll of identify
Potions
 d - 2 potions of attraction
 e - 3 potions of degeneration
 h - 2 potions of might
 j - 2 potions of haste
 k - a potion of experience
 p - 2 potions of lignification
 q - 4 potions of curing
 r - a potion of flight {unknown}
 s - 2 potions of heal wounds
 w - a potion of invisibility
 x - a potion of resistance {unknown}


   Skills:
 + Level 6.7 Fighting
 + Level 6.1 Armour
 - Level 2.6 Shields
 + Level 2.2 Unarmed Combat
 + Level 5.2 Spellcasting
 + Level 5.1 Summonings
 + Level 2.4 Transmutations


You had 12 spell levels left.
You knew the following spells:

 Your Spells              Type           Power      Damage    Failure   Level
a - Summon Small Mammal   Summ           56%        N/A       3%          1
b - Call Canine Familiar  Summ           14%        N/A       9%          3
c - Wereblood             Tmut           8%         N/A       13%         2

Your spell library contained the following spells:

 Spells                   Type           Power      Damage    Failure   Level
 Summon Guardian Golem    Hex/Summ       8%         N/A       26%         3
 Cigotuvi's Dreadful Rot  Necr/Pois/Air  4%         N/A       36%         2
 Poisonous Vapours        Pois/Air       4%         N/A       36%         2
 Sublimation of Blood     Necr           2%         N/A       36%         2
 Mephitic Cloud           Conj/Pois/Air  2%         N/A       58%         3
 Portal Projectile        Hex/Tloc       4%         N/A       58%         3
 Tukima's Dance           Hex            2%         N/A       58%         3
 Blade Hands              Tmut           4%         N/A       94%         5
 Summon Hydra             Summ           7%         N/A       100%        7


Dungeon Overview and Level Annotations

Branches:
Dungeon (6/15)             Temple (0/1) D:6           Sewer (visited)

Altars:
Fedhas
Ru
Vehumet
Yredelemnul


Innate Abilities, Weirdness & Mutations

You have a pair of antennae on your head.
You sometimes gain a little power by taking damage.
Your touch may irresistibly damage your foes and sap their willpower.


Message History

You hit the orc priest.
The orc priest is heavily wounded.
The orc warrior closely misses you. The orc priest barely misses you.
You punch the orc priest!
The orc priest is almost dead.
The orc warrior closely misses you.
The orc priest hits you but does no damage.
You punch the orc priest!
You kill the orc priest!
The orc warrior hits you from afar with a +0 trident!
You hit the ogre.
You touch the ogre!
You sap its willpower!
The ogre is almost dead.
The ogre closely misses you.
The orc warrior hits you from afar with a +0 trident!
You hit the ogre.
You kill the ogre!
The orc warrior hits you from afar with a +0 trident!
You barely miss the troll.
You touch the troll.
You sap its willpower!
The troll is lightly wounded.
You barely miss the troll.
You touch the troll.
You sap its willpower!
The troll is moderately wounded.
The orc warrior closely misses you. The troll bites you but does no damage.
The troll claws you! The troll claws you.
You hit the troll.
The troll is moderately wounded.
The gnoll closely misses you.
A kobold brigand comes into view.
It is wielding a +0 short sword and quivering poisoned darts.
The orc warrior hits you from afar with a +0 trident.
* * * LOW HITPOINT WARNING * * *
The troll bites you but does no damage. The troll barely misses you.
The troll claws you but does no damage.
You barely miss the troll. Your touch misses the troll.
The troll is moderately wounded.
The gnoll misses you.
The orc warrior hits you from afar with a +0 trident!
* * * LOW HITPOINT WARNING * * *
You focus on the pain.
You feel agile all of a sudden. The troll bites you!
You die...

~≈~.# #########################
~≈≈.# #.#.........#8..8#...g..#
~~~.#{#.#.........'....'..8# {
~~~.# #.'.........'....'..8#{{
~≈≈.# #)#....{....#....#..{.o....
~≈~.#'####''#######....#########'
~≈~.#........#....#..).#{ { {
~~~.#........#o##.#....# {
~~###'#......KgT@.#....#{{
≈≈#...#############''''##########
~≈#...#..........................
~≈#####≈~[~≈~~~~~≈~....~~~~≈~~≈~~
~≈≈≈≈≈≈≈≈≈≈~≈~≈≈≈≈~....~≈~≈≈≈≈≈≈≈
~≈~~≈~~~~~~~≈~~~~~~[)..~~≈~~≈≈~~~
.....[....)........))...)........
.##..###############)........##..
..÷..)[...# #.........###.


You could see a troll (weak-willed), an orc warrior, a kobold brigand and a
gnoll.

Vanquished Creatures
  Pargi (Sewer)
  A black bear (D:6)
  An ice beast (D:6)
  8 ogres (D:6)
  A centaur (D:4)
  A phantom (D:4)
  A kobold brigand (D:6)
  A necrophage (D:6)
  A gnoll sergeant (D:6)
  5 howler monkeys (D:6)
  8 hounds (D:6)
  3 gnoll boudas
  An orc priest (D:6)
  Jessica (D:2)
  An iguana (D:5)
  3 orc wizards (D:6)
  6 adders
  9 gnolls
  A white imp (D:5)
  2 ufetubi
  3 worms
  2 dart slugs
  11 orcs
  3 ball pythons
  10 endoplasms
  5 giant cockroaches
  10 hobgoblins
  18 kobolds
  6 quokkas
  3 bats
  4 frilled lizards
  6 goblins
  6 rats
143 creatures vanquished.

Vanquished Creatures (others)
  A fungus (D:6)
  4 plants (D:6)
5 creatures vanquished.

Grand Total: 148 creatures vanquished

Notes
Turn   | Place    | Note
-------+----------+-------------------------------------------
     0 | D:1      | ryw the Demonspawn Fighter began the quest for the Orb.
     0 | D:1      | Reached XP level 1. HP: 18/18 MP: 1/1
   321 | D:1      | Found a faded altar of an unknown god.
   440 | D:1      | Discovered your monstrous ancestry.
   440 | D:1      | Gained mutation: Your touch may inflict minor irresistible
                  | damage on your foes. [demonic ancestry]
   440 | D:1      | Reached XP level 2. HP: 24/24 MP: 2/2
  1109 | D:1      | Reached XP level 3. HP: 18/29 MP: 2/4
  1308 | D:2      | Reached skill level 1 in Spellcasting
  1595 | D:2      | Noticed Jessica
  1605 | D:2      | Killed Jessica
  1606 | D:2      | Gained mutation: You have a pair of small antennae on your
                  | head. [demonic ancestry]
  1606 | D:2      | Reached XP level 4. HP: 32/37 MP: 4/6
  2177 | D:3      | Gained mutation: You sometimes gain a little power by
                  | taking damage. [demonic ancestry]
  2177 | D:3      | Reached XP level 5. HP: 42/42 MP: 7/7
  2179 | D:3      | Learned a level 1 spell: Summon Small Mammal
  2610 | D:4      | Found a basalt altar of Yredelemnul.
  2613 | D:4      | Noticed a centaur
  2620 | D:4      | Killed a centaur
  2621 | D:4      | Reached skill level 1 in Summonings
  2645 | D:4      | Noticed a phantom
  2668 | D:4      | Killed a phantom
  2669 | D:4      | Reached XP level 6. HP: 31/49 MP: 9/9
  3123 | D:4      | Found a sacrificial altar of Ru.
  3180 | D:5      | Entered Level 5 of the Dungeon
  4066 | D:5      | Learned a level 3 spell: Call Canine Familiar
  4085 | D:6      | Noticed an ice beast
  4097 | D:6      | Killed an ice beast
  4098 | D:6      | Reached skill level 5 in Fighting
  4098 | D:6      | Gained mutation: You have a pair of antennae on your head.
                  | [demonic ancestry]
  4098 | D:6      | Reached XP level 7. HP: 48/56 MP: 9/11
  4444 | D:6      | Found a glowing drain.
  4448 | Sewer    | Entered a sewer
  4526 | Sewer    | Noticed Pargi
  4539 | Sewer    | Killed Pargi
  4540 | Sewer    | Reached skill level 5 in Armour
  4717 | D:6      | Gained mutation: Your touch may inflict irresistible damage
                  | on your foes. [demonic ancestry]
  4717 | D:6      | Reached XP level 8. HP: 50/64 MP: 12/14
  4929 | D:6      | Found a staircase to the Ecumenical Temple.
  5027 | D:6      | Found a radiant altar of Vehumet.
  5142 | D:6      | Learned a level 2 spell: Wereblood
  5148 | D:6      | Found a blossoming altar of Fedhas.
  5729 | D:6      | Reached skill level 1 in Transmutations
  6072 | D:6      | Reached skill level 5 in Spellcasting
  6196 | D:6      | Gained mutation: Your touch may irresistibly damage your
                  | foes and sap their willpower. [demonic ancestry]
  6196 | D:6      | Reached XP level 9. HP: 71/71 MP: 16/16
  6218 | D:6      | Noticed a troll
  6243 | D:6      | Reached skill level 5 in Summonings
  6315 | D:6      | Slain by a troll

Illustrated notes

Levels and vault maps discovered:
D:1:      sevenhm_arrival_forest_fort_small_5, layout_loops_corners,
          hellmonk_ecumenical_altar_blasted, st_stairs_14, corner_web_ring
D:2:      layout_rooms, uniq_jessica
D:3:      layout_rooms
D:4:      layout_cave_pools, mainiacjoe_overflow_large_starburst,
          yredelemnul_altar_generic, serial_bayou_crossing
D:5:      layout_basic
D:6:      lemuel_castle_with_subvaults [lemuel_castle_interior_carwin_2],
          layout_rooms, vehumet_crystals, kennysheep_mini_moat,
          minmay_temple_entry_arrows, gup_sewer_entry_spiral,
          hangedman_decor_lopped

Skill      XL: |  1  2  3  4  5  6  7  8  9 |
---------------+----------------------------+-----
Unarmed Combat | 2 |  2.2
Armour         | 3 4 5 6 |  6.1
Spellcasting   | 1 2 3 4 5 |  5.2
Fighting       | 4 5 6 |  6.7
Summonings     | 1 2 3 4 5 |  5.1
Transmutations | 2 |  2.4
Shields        | |  2.6

Action                   |  1- 3 |  4- 6 |  7- 9 || total
-------------------------+-------+-------+-------++-------
Melee: Unarmed           |   135 |   147 |   211 ||   493
       Touch             |    16 |    24 |    47 ||    87
       Punch             |       |       |     4 ||     4
Throw: Throwing net      |       |       |     2 ||     2
 Cast: Summon Small Mamm |       |     1 |       ||     1
  Use: Scroll            |       |       |     6 ||     6
       Potion            |       |       |     3 ||     3
Armor: Scale mail        |    51 |    41 |       ||    92
       Leather armour    |       |     2 |    65 ||    67
Dodge: Dodged            |    51 |    89 |   183 ||   323
Block: Buckler           |     8 |       |       ||     8

Table legend: (Time is in decaauts)
 A = Elapsed time spent in this place.
 B = Non-inter-level travel time spent in this place.
 C = Inter-level travel time spent in this place.
 D = Time resting spent in this place.
 E = Time spent auto-exploring this place.
 F = Levels seen in this place.
 G = Mean time per level.
                   A        B        C        D        E       F      G
               +--------+--------+--------+--------+--------+-----+--------+
         Total |   6336 |   6212 |    124 |    971 |   3904 |   7 |  905.1 |
       Dungeon |   6142 |   6018 |    124 |    971 |   3763 |   6 | 1023.7 |
         Sewer |    194 |    194 |      0 |      0 |    141 |   1 |  194.0 |
               +--------+--------+--------+--------+--------+-----+--------+

Top non-repeatable levels by time:
     D:6: 1778 daAuts
     D:5: 1180 daAuts
     D:1: 1152 daAuts
     D:2: 865 daAuts
     D:4: 621 daAuts
     D:3: 543 daAuts
   Sewer: 194 daAuts
